 Dungeon Crawl Stone Soup version 0.23.0-3-gf3c87f2 (webtiles) character file.

Game seed: 14339116979790099237

178 Borgoz the Sneak (level 5, -9/38 HPs)
             Began as a Ghoul Enchanter on Feb 24, 2019.
             Mangled by Crazy Yiuf
             ... wielding a +3 quarterstaff of chaos
              (21 damage)
             ... on level 3 of the Dungeon.
             The game lasted 00:08:32 (2729 turns).

Borgoz the Sneak (Ghoul Enchanter)                  Turns: 2729, Time: 00:08:32

Health: -9/38      AC:  6    Str: 12    XL:     5   Next: 58%
Magic:  0/7        EV: 12    Int: 10    God:
Gold:   108        SH:  8    Dex: 10    Spells: 6/9 levels left

rFire    . . .     SeeInvis .   a - +1 dagger
rCold    + . .     Gourm    .   (no shield)
rNeg     + + +     Faith    .   q - +0 leather armour
rPois    ∞         Spirit   .   e - +0 helmet
rElec    .         Reflect  +   k - +0 cloak
rCorr    .         Harm     .   g - +0 pair of gloves
MR       .....                  (no boots)
Stlth    ++........             r - brooch of Shielding {Reflect SH+8}
HPRegen  0.00/turn              (no ring)
MPRegen  0.10/turn              (no ring)

@: very slightly contaminated, rotting
A: rotting body, claws 1, carnivore, cold resistance 1, negative energy
resistance 3, inhibited regeneration, torment resistance, unbreathing
a: no special abilities


You were on level 3 of the Dungeon.
You were not hungry.

You visited 1 branch of the dungeon, and saw 4 of its levels.

You collected 156 gold pieces.
You spent 48 gold pieces at shops.

Inventory:

Hand Weapons
 a - a +1 dagger (weapon)
Missiles
 c - 2 throwing nets (quivered)
Armour
 e - a +0 helmet (worn)
 g - a +0 pair of gloves (worn)
 k - a +0 cloak (worn)
 q - a +0 leather armour (worn)
Jewellery
 r - the brooch of Shielding (around neck) {Reflect SH+8}
   (You found it on level 3 of the Dungeon)

   [amulet of reflection]

   It shields you and reflects attacks.
   It affects your SH (+8).
Wands
 h - a wand of enslavement (3)
 l - a wand of flame (24)
Scrolls
 f - 2 scrolls of enchant weapon {unknown}
 i - 3 scrolls of teleportation
 m - a scroll of immolation {unknown}
 n - a scroll of fog {unknown}
 o - 3 scrolls of amnesia
 s - 2 scrolls of magic mapping {unknown}
Potions
 j - a potion of might
Comestibles
 d - 7 rations
 p - a chunk of flesh


   Skills:
 + Level 2.1 Short Blades
 + Level 2.7 Dodging
 + Level 4.3 Stealth
 + Level 2.6 Spellcasting
 + Level 3.1 Hexes


You had 6 spell levels left.
You knew the following spells:

 Your Spells              Type           Power        Failure   Level  Hunger
a - Corona                Hex            #......      11%         1    ##.....
b - Ensorcelled Hibernat  Hex/Ice        #.....       30%         2    ###....

Your spell library contained the following spells:

 Spells                   Type           Power        Failure   Level  Hunger
 Confuse                  Hex            #.......     30%         3    ####...
 Tukima's Dance           Hex            #.......     30%         3    ####...
 Dazzling Spray           Conj/Hex       #.....       52%         3    ####...


Dungeon Overview and Level Annotations

Branches:
Dungeon (4/15)
 Temple: D:4-7

Altars:

Shops:
D:4 !

Annotations:
D:3 Crazy Yiuf


Innate Abilities, Weirdness & Mutations

Your body is rotting away.
You thrive on raw meat.
You are immune to poison.
You have sharp fingernails.
You are carnivorous and can eat meat at any time.
Your flesh is cold resistant. (rC+)
You are immune to negative energy. (rN+++)
You do not regenerate when monsters are visible.
You are immune to unholy pain and torment.
You can survive without breathing.


Message History

You hit Crazy Yiuf but do no damage.
Crazy Yiuf is moderately wounded.
Crazy Yiuf closely misses you.
You hit Crazy Yiuf.
Crazy Yiuf is heavily wounded.
You barely miss Crazy Yiuf.
Crazy Yiuf is heavily wounded.
Crazy Yiuf barely misses you.
You barely miss Crazy Yiuf.
Crazy Yiuf is heavily wounded.
You block Crazy Yiuf's attack.
You hit Crazy Yiuf.
Crazy Yiuf is severely wounded.
Crazy Yiuf closely misses you.
You hit Crazy Yiuf but do no damage.
Crazy Yiuf is severely wounded.
Crazy Yiuf hits you with a +3 quarterstaff of chaos!
Space warps horribly around you!!
Ouch! That really hurt!
You die...

.####.####.#####..####
...........# #....#
.###.....### ♣....♣
.......#.# ♣♣...♣
####.....# ♣♣.♣♣
##.#.#### ♣♣.♣
#.#....# ♣.♣♣ #.######
♣♣.♣ #.# ♣@♣♣ #.# #g#
##.## ... ##...##
#...# #>....# #)..#
#.....# ##### #.....#
##...## ##.##


You could see Crazy Yiuf.

Vanquished Creatures
  A centaur skeleton (D:4)
  Ijyb (D:3)
  Robin (D:3)
  3 adders
  2 worms
  4 dart slugs
  A leopard gecko (D:1)
  An orc (D:3)
  8 bats
  A giant cockroach (D:1)
  23 goblins
  4 hobgoblins
  7 jackals
  2 quokkas (D:3)
  2 frilled lizards
  5 kobolds
  5 rats
71 creatures vanquished.

Notes
Turn   | Place    | Note
-------+----------+-------------------------------------------
     0 | D:1      | Borgoz the Ghoul Enchanter began the quest for the Orb.
     0 | D:1      | Reached XP level 1. HP: 14/14 MP: 2/2
    40 | D:1      | Reached skill level 1 in Short Blades
    59 | D:1      | Reached XP level 2. HP: 11/19 MP: 3/3
   172 | D:1      | Learned a level 2 spell: Ensorcelled Hibernation
   345 | D:1      | Reached XP level 3. HP: 15/26 MP: 5/5
  1780 | D:3      | Noticed Robin
  1797 | D:4      | Found Keptesk's Distillery.
  1802 | D:4      | Bought a potion of might for 48 gold pieces
  1821 | D:4      | Reached XP level 4. HP: 28/33 MP: 6/6
  1845 | D:3      | Killed Robin
  1899 | D:4      | Reached skill level 4 in Stealth
  2007 | D:3      | Reached XP level 5. HP: 29/38 MP: 7/7
  2034 | D:3      | Found a faded altar of an unknown god.
  2323 | D:3      | Noticed Ijyb
  2359 | D:3      | Killed Ijyb
  2383 | D:3      | Found the brooch of Shielding {Reflect SH+8}
  2448 | D:3      | Found a runed translucent door.
  2449 | D:3      | Noticed Crazy Yiuf
  2729 | D:3      | Mangled by Crazy Yiuf

Skill      XL: |  1  2  3  4  5 |
---------------+----------------+-----
Short Blades   | 1 2 |  2.1
Dodging        | 2 |  2.7
Spellcasting   | 2 |  2.6
Stealth        | 4 |  4.3
Hexes          | 3 |  3.1

Action                   |  1- 3 |  4- 6 || total
-------------------------+-------+-------++-------
Melee: Dagger            |   182 |   155 ||   337
Throw: Throwing net      |     1 |       ||     1
 Cast: Ensorcelled Hiber |     3 |     4 ||     7
       Corona            |     1 |       ||     1
  Use: Scroll            |     1 |     3 ||     4
       Potion            |       |     4 ||     4
 Stab: Sleeping          |     5 |     4 ||     9
  Eat: Chunk             |    21 |    13 ||    34
Armor: Robe              |    69 |    31 ||   100
       Leather armour    |       |     3 ||     3
Dodge: Dodged            |   165 |   110 ||   275
Block: Other             |       |    14 ||    14
